 Dungeon Crawl Stone Soup version 0.29.0 (webtiles) character file.

Game seed: 6651535472339711015

34 Kosidy the Scratcher (level 3, 0/15 HPs)
             Began as a Felid Transmuter on Sept 6, 2022.
             Constricted to death by a ball python (1 damage)
             ... on level 2 of the Dungeon.
             The game lasted 00:01:58 (1922 turns).

Kosidy the Scratcher (Felid Transmuter)             Turns: 1922, Time: 00:01:58

Health: 0/15       AC:  1    Str:  8    XL:     3   Next: 14%
Magic:  7/7        EV: 14    Int: 14    God:
Gold:   50         SH:  0    Dex: 16    Spells: 5/6 levels left
                                        Lives:  0   Deaths: 0

rFire   . . .      SeeInvis +     - Unarmed
rCold   . . .      Faith    .   (shield unavailable)
rNeg    . . .      Spirit   .   (body armour unavailable)
rPois   .          Reflect  .   (helmet unavailable)
rElec   .          Harm     .   (cloak unavailable)
rCorr   .          Rampage  .   (gloves unavailable)
Will    .....                   (boots unavailable)
Stlth   ++........              (no amulet)
HPRegen 0.05/turn               (no ring)
MPRegen 0.10/turn               (no ring)

@: appendages (expiring), constricted, quick
A: horns 2, very small, claws 1, fangs 3, see invisible, speed 1, shaggy fur 1,
stealthy paws, no weapons or thrown items, no armour, multi-lived
a: End Transformation


You were on level 2 of the Dungeon.
You had temporarily grown beastly horns.
You visited 1 branch of the dungeon, and saw 2 of its levels.

You collected 50 gold pieces.

Inventory:

Jewellery
 g - a ring of protection from cold
 j - a ring of fire
Scrolls
 b - 3 scrolls of identify {unknown}
 c - a scroll of silence {unknown}
 e - a scroll of fog {unknown}
 f - a scroll of vulnerability {unknown}
 i - a scroll of noise {unknown}
Potions
 a - a potion of lignification
 d - a potion of might {unknown}
 h - a potion of resistance {unknown}


   Skills:
 + Level 1.0 Fighting
 + Level 3.0 Dodging
 + Level 0.8 Stealth
 + Level 3.5 Unarmed Combat
 + Level 2.3 Spellcasting
 + Level 2.7 Transmutations


You had 5 spell levels left.
You knew the following spells:

 Your Spells              Type           Power      Damage    Failure   Level
a - Beastly Appendage     Tmut           18%        N/A       8%          1

Your spell library contained the following spells:

 Spells                   Type           Power      Damage    Failure   Level
 Wereblood                Tmut           9%         N/A       12%         2
 Spider Form              Tmut/Pois      5%         N/A       36%         3
 Ice Form                 Ice/Tmut       5%         N/A       78%         4


Dungeon Overview and Level Annotations

Branches:
Dungeon (2/15)

Altars:
Wu Jian


Innate Abilities, Weirdness & Mutations

You have temporarily grown beastly horns.
You have sharp claws.
You have razor-sharp teeth.
You have supernaturally acute eyesight. (SInv)
You cover ground quickly. (Speed+)
You are covered in fur. (AC +1)
Your paws help you pounce on unaware monsters.
You are incapable of wielding weapons or throwing items.
You cannot wear armour.
You gain extra lives every three experience levels.


Message History

You kill the hobgoblin!
Found a robe and a lajatang.
Found an ornate altar of the Wu Jian Council.
Found a stone staircase leading down.
Your transformation is almost over.
You now have 46 gold pieces (gained 10).
Your horns disappear.
You now have 50 gold pieces (gained 4).
You open the door.
There is an open door here.
A ball python comes into view.
The ball python hisses angrily.
An adder comes into view.
Found 4 stones.
You grow a pair of large bovine horns.
The adder hisses angrily.
You barely miss the adder. The adder closely misses you.
You completely miss the adder. Your headbutt misses the adder.
The ball python misses you. x2; The adder barely misses you.
The ball python bites you. The ball python barely misses you.
You scratch the adder but do no damage. Your headbutt misses the adder.
The adder closely misses you. The ball python barely misses you.
The ball python grabs you. The ball python constricts you.
You barely miss the adder. The adder bites you.
The ball python bites you but does no damage.
The ball python constricts you.
You closely miss the adder. Your headbutt misses the adder. You bite the adder.
The adder is lightly wounded.
The adder bites you. The ball python bites you. The ball python constricts you.
The adder barely misses you.
You scratch the adder.
The adder is severely wounded.
Your transformation is almost over.
The ball python closely misses you. The ball python constricts you.
The adder bites you.
* * * LOW HITPOINT WARNING * * *
You scratch the adder.
You kill the adder!
The ball python closely misses you. The ball python constricts you.
You die...

### #........ ..# #.......
..# #.....# # ..# #.....#
.. ..#### #.....# ...
#....#####.....# ....
.....'.........+ (....
#....#####.....#####......
#....# #......@.....!...
#....#####.......S........
#.........................
#.........................
#.........#####...........
#####.....# #........... #
#.....# #.....###### #
#.....# #.....#
#####.....#


You could see a ball python.

Vanquished Creatures
  An adder (D:2)
  4 ball pythons
  4 endoplasms (D:1)
  A giant cockroach (D:1)
  5 goblins
  3 hobgoblins
  2 jackals (D:1)
  A quokka (D:1)
  A bat (D:1)
  3 kobolds (D:1)
  6 rats (D:1)
31 creatures vanquished.

Notes
Turn   | Place    | Note
-------+----------+-------------------------------------------
     0 | D:1      | Kosidy the Felid Transmuter began the quest for the Orb.
     0 | D:1      | Reached XP level 1. HP: 9/9 MP: 4/4
   298 | D:1      | Reached XP level 2. HP: 9/12 MP: 4/6
  1503 | D:1      | Found a faded altar of an unknown god.
  1663 | D:1      | Reached XP level 3. HP: 15/15 MP: 5/7
  1874 | D:2      | Found an ornate altar of the Wu Jian Council.
  1922 | D:2      | Constricted to death by a ball python

Illustrated notes

Levels and vault maps discovered:
D:1:      minmay_arrival_four_circles, layout_basic, basic_ecumenical_altar,
          supply_closet_lemuel, minivault_23, fountainhead
D:2:      layout_basic, basic_altar, minmay_tree_intersection

Skill      XL: |  1  2 |
---------------+-------+-----
Dodging        | 3 |  3.0
Fighting       | |  1.0
Stealth        | |  0.8
Unarmed Combat | |  3.5
Spellcasting   | |  2.3
Transmutations | |  2.7

Action                   || total
-------------------------++-------
Melee: Unarmed           ||    71
       Bite              ||     5
       Headbutt          ||     9
       Punch             ||     1
 Cast: Beastly Appendage ||    21
 Stab: Sleeping          ||     2
Armor: Skin              ||     6
Dodge: Dodged            ||    64
